 Dungeon Crawl Stone Soup version 0.30.0-5-g1a98f26d00 (webtiles) character file.

Game seed: 11959445564755473991

172 javelincjr the Ducker (level 5, -3/35 HPs)
             Began as a Djinni Fire Elementalist on May 11, 2023.
             Killed themself with a badly aimed concussive blast (7 damage)
             ... on level 3 of the Dungeon.
             The game lasted 00:13:19 (2685 turns).

javelincjr the Ducker (Djinni Fire Elementalist)    Turns: 2685, Time: 00:13:19

Health: -3/35      AC:  4    Str:  9    XL:     5   Next: 82%
Gold:   155        EV: 12    Int: 20    God:
                   SH:  0    Dex: 10

rFire   + + .        f - staff of conjuration
rCold   x . .        (no shield)
rNeg    . . .        o - +1 robe of Beyond {rPois Int+3 Dex-3 SInv}
rPois   ∞            l - +0 helmet
rElec   .            (no cloak)
rCorr   .            (no gloves)
SInv    +            (boots unavailable)
Will    .....        (no amulet)
Stlth   ++           (no ring)
HPRegen 0.25/turn    (no ring)
MPRegen 0.00/turn

%: infuse magic (-4 HP)
@: flying
A: sickness immunity, fire resistance 2, cold vulnerability 1, float, innate
caster, HP casting, extra vitality 1
a: no special abilities


You were on level 3 of the Dungeon.
You visited 1 branch of the dungeon, and saw 3 of its levels.

You collected 155 gold pieces.

Inventory:

Hand Weapons
 r - a +3 quarterstaff of chaos
Armour
 a - a +0 robe
 c - a +2 cloak
 i - a +1 leather armour of fire resistance
 l - a +0 helmet (worn)
 o - the +1 robe of Beyond (worn) {rPois Int+3 Dex-3 SInv}
   (You found it on level 2 of the Dungeon)

   Int:       It affects your intelligence (+3).
   Dex:       It affects your dexterity (-3).
   rPois:     It protects you from poison.
   SInv:      It lets you see invisible.
Magical Staves
 f - a staff of conjuration (weapon)
Wands
 b - a wand of quicksilver (3)
 s - a wand of flame (6)
Scrolls
 d - 2 scrolls of blinking
 m - 2 scrolls of noise
 p - a scroll of teleportation
 t - 2 scrolls of brand weapon {unknown}
 v - a scroll of magic mapping {unknown}
Potions
 e - a potion of brilliance {unknown}
 g - a potion of attraction {unknown}
 h - 3 potions of curing {unknown}
 j - 2 potions of heal wounds
 k - a potion of berserk rage {unknown}
 n - a potion of resistance {unknown}
 q - a potion of cancellation {unknown}
 u - a potion of mutation {unknown}


   Skills:
 + Level 3.9 Dodging
 + Level 3.0 Stealth
 + Level 3.3 Spellcasting


You knew the following spells:

 Your Spells              Type           Power      Damage    Failure   Level
a - Foxfire               Conj/Fire      100%       2x1d9     3%          1
b - Scorch                Fire           32%        2d6       5%          2
c - Volatile Blastmotes   Fire/Tloc      32%        2d12      11%         3
d - Inner Flame           Hex/Fire       16%        N/A       11%         3
e - Flame Wave            Conj/Fire      25%        2d8       34%         4
f - Slow                  Hex            64%        N/A       3%          1
g - Lesser Beckoning      Tloc           32%        N/A       5%          2
Your spell library was empty.

Dungeon Overview and Level Annotations

Branches:
Dungeon (3/15)

Altars:
Ru


Innate Abilities, Weirdness & Mutations

You are immune to sickness and miasma.
You are immune to poison.
Your flesh is very heat resistant. (rF++)
You are vulnerable to cold. (rC-)
You float through the air rather than walking.
You learn spells naturally, not from books.
Your magical power is your life essence.
You have superior vitality. (+4 MHP)


Message History

v - a scroll labelled PUACAT OXKA You reach down and open the door.
Found a stone staircase leading down.
Found a stone staircase leading up.
You now have 155 gold pieces (gained 7).
An orc comes into view. It is wielding a +0 falchion.
The orc shouts!
You hear a shout! x3
An orc comes into view. It is wielding a +0 short sword.
A hobgoblin and an orc come into view.
Found an escape hatch in the ceiling.
The hobgoblin shouts!
The orc shouts!
An orc comes into view. It is wielding a +4 war axe.
An orc comes into view. It is wielding a +0 mace.
The orc hits you with a +0 falchion.
You closely miss the orc.
An orc comes into view. It is wielding a +0 club.
The orc hits you with a +0 falchion.
An orc comes into view. It is wielding a +0 mace.
The orc shouts!
You hit the orc.
The orc is heavily wounded.
You hear a shout!
The orc hits you with a +0 falchion!
You closely miss the orc.
The orc is heavily wounded.
The orc hits you with a +0 falchion.
Casting: Foxfire (safe; 3% risk of failure)
Confirm with . or Enter, or press ? or * to list all spells.
The spell is quite dangerous to miscast (11% risk of failure)!
Continue anyway? [Y]es or [N]o only, please.
The spell is quite dangerous to miscast (11% risk of failure)!
Continue anyway?
A cloud of volatile blastmotes flares up around you!
* * * LOW HITPOINT WARNING * * *
The orc barely misses you. The orc attacks as you move away!
The orc hits you with a +0 falchion.
* * * LOW HITPOINT WARNING * * *
The cloud of blastmotes explodes!
The concussive blast engulfs the orc!
You kill the orc!
The concussive blast engulfs you! You resist.
You die...

..#.# #.#.#
#.#.# #.#.#
#.#.###
#######
#.....#
#.....#
###.#.#
#.###.# #
#.#.# #.#
#.# #.#.#
#.# #@#
#.#.# #.#
#)# #.#.#
#.# #.#
#.#.######.#
#o#
#.#........#
#o#
##########
#g# #


ooo # #o. # ... You could see 6 orcs and a hobgoblin.

Vanquished Creatures
  Crazy Yiuf (D:2)
  A jelly (D:2)
  Terence (D:2)
  Robin (D:2)
  An adder (D:3)
  A worm (D:2)
  2 dart slugs
  An orc (D:3)
  3 endoplasms
  A giant cockroach (D:2)
  11 goblins (D:2)
  3 hobgoblins
  8 jackals
  7 kobolds
  5 quokkas
  7 ball pythons
  3 bats
  2 frilled lizards
  7 rats
66 creatures vanquished.

Vanquished Creatures (others)
  236 foxfires
236 creatures vanquished.

Grand Total: 302 creatures vanquished

Notes
Turn   | Place    | Note
-------+----------+-------------------------------------------
     0 | D:1      | javelincjr the Djinni Fire Elementalist began the quest for
                  | the Orb.
     0 | D:1      | javelincjr set off with the following spells memorised:
                  | Foxfire, Scorch, Volatile Blastmotes, Inner Flame, Flame
                  | Wave.
     0 | D:1      | Reached XP level 1. HP: 15/15 MP: 0/0
    84 | D:1      | Reached XP level 2. HP: 10/21 MP: 0/0
   766 | D:1      | Reached XP level 3. HP: 24/25 MP: 0/0
   766 | D:1      | Learned a level 1 spell: Slow
  1031 | D:2      | Noticed Terence
  1045 | D:2      | Killed Terence
  1160 | D:2      | Found a sacrificial altar of Ru.
  1189 | D:2      | Reached XP level 4. HP: 29/31 MP: 0/0
  1328 | D:2      | Noticed Robin
  1362 | D:2      | Killed Robin
  1484 | D:2      | Identified the +1 robe of Beyond {rPois Int+3 Dex-3 SInv}
  1506 | D:2      | Reached XP level 5. HP: 31/35 MP: 0/0
  1506 | D:2      | Learned a level 2 spell: Lesser Beckoning
  1895 | D:2      | Found a runed translucent door.
  1896 | D:2      | Noticed Crazy Yiuf
  1904 | D:2      | Killed Crazy Yiuf
  2139 | D:3      | Found a faded altar of an unknown god.
  2685 | D:3      | Killed themself with a badly aimed concussive blast

Illustrated notes

Levels and vault maps discovered:
D:1:      saegor_arrival_simple_d, layout_basic, chequers_decorated_corner
D:2:      layout_loops_ring, basic_altar, minmay_pentomino_o2, uniq_robin,
          uniq_terence, uniq_crazy_yiuf_cottage
D:3:      layout_basic, shapermc_ecumenical_altar_gd, st_stairs_14

Skill      XL: |  1  2  3  4  5 |
---------------+----------------+-----
Stealth        | 2 3 |  3.0
Dodging        | 3 |  3.9
Spellcasting   | 3 |  3.3

Action                     |  1- 3 |  4- 6 || total
---------------------------+-------+-------++-------
  Melee: Unarmed           |     1 |       ||     1
         Staff             |     9 |    47 ||    56
         Punch             |       |     3 ||     3
   Cast: Foxfire           |    68 |    81 ||   149
         Scorch            |       |    16 ||    16
         Inner Flame       |       |     2 ||     2
         Volatile Blastmot |       |     1 ||     1
    Use: Scroll            |       |     5 ||     5
         Potion            |       |     1 ||     1
   Stab: Sleeping          |     1 |       ||     1
 Armour: Robe              |     1 |     3 ||     4
         Leather armour    |     1 |    20 ||    21
  Dodge: Dodged            |    13 |    33 ||    46
